 Dungeon Crawl Stone Soup version 0.25.1-8-g42b30a86e7 (webtiles) character file.

Game seed: 5390880719465334500

1464 Destapler the Sneak (level 8, -4/56 HPs)
             Began as an Octopode Fighter on Dec 12, 2020.
             Was a Follower of Nemelex Xobeh.
             Slain by a water moccasin (7 damage)
             ... on level 6 of the Dungeon.
             The game lasted 00:14:30 (8017 turns).

Destapler the Sneak (Octopode Fighter)              Turns: 8017, Time: 00:14:30

Health: -4/56      AC:  1    Str: 16    XL:     8   Next: 77%
Magic:  8/8        EV: 14    Int: 10    God:    Nemelex Xobeh [*.....]
Gold:   149        SH: 10    Dex: 13    Spells: 7/7 levels left

rFire    . . .     SeeInvis .   a - +1 trident
rCold    . . .     Gourm    .   b - +0 kite shield
rNeg     . . .     Faith    .   (helmet restricted)
rPois    .         Spirit   .   (no amulet)
rElec    .         Reflect  .   l - +4 ring of evasion
rCorr    .         Harm     .   E - -4 ring of evasion (curse)
MR       .....                  (no ring)
Stlth    ++++......             (no ring)
HPRegen  0.18/turn              (no ring)
MPRegen  0.11/turn              (no ring)
                                (no ring)
                                (no ring)

@: no status effects
A: almost no armour, stealthy swim, amphibious, 8 rings, constrict 8, camouflage
1, gelatinous body 1
a: Draw Escape, Draw Destruction, Draw Summoning, Renounce Religion


You were on level 6 of the Dungeon.
You worshipped Nemelex Xobeh.
Nemelex Xobeh was aware of your devotion.
You were very hungry.

You visited 2 branches of the dungeon, and saw 8 of its levels.

You collected 149 gold pieces.

Inventory:

Hand Weapons
 a - a +1 trident (weapon)
Missiles
 m - 6 javelins (quivered)
 r - 25 poisoned darts
 w - 5 boomerangs
Armour
 b - a +0 kite shield (worn)
Jewellery
 l - a +4 ring of evasion (left tentacle)
 p - a cursed -4 ring of evasion
 v - an uncursed amulet of the acrobat {unknown}
 z - an uncursed amulet of guardian spirit {unknown}
 E - a cursed -4 ring of evasion (right tentacle)
Wands
 y - a wand of random effects (16)
 F - a wand of polymorph (11)
Scrolls
 h - a scroll of immolation {unknown}
 j - 3 scrolls of teleportation
 k - 5 scrolls of identify
 x - a scroll of blinking {unknown}
 A - a scroll of magic mapping
 D - a scroll of enchant armour {unknown}
Potions
 c - a potion of might
 e - 2 potions of magic {unknown}
 f - 2 potions of cancellation {unknown}
 g - 4 potions of curing
 n - a potion of lignification {unknown}
 q - a potion of ambrosia {unknown}
 t - a potion of flight {unknown}
 B - a potion of haste {unknown}
 C - 2 potions of heal wounds {unknown}
Comestibles
 d - 3 rations


   Skills:
 + Level 5.6 Fighting
 + Level 5.0 Polearms
 + Level 5.5 Dodging
 + Level 6.6 Stealth
 + Level 5.5 Shields


You had 7 spell levels left.
You didn't know any spells.
Your spell library was empty.

Dungeon Overview and Level Annotations

Branches:
Dungeon (7/15)             Temple (1/1) D:4

Altars:
Ashenzari
Cheibriados
Dithmenos
Elyvilon
Fedhas
Gozag
Hepliaklqana
Kikubaaqudgha
Makhleb
Nemelex Xobeh
Okawaru
Qazlal
Ru
Sif Muna
Trog
Uskayaw
Vehumet
Wu Jian
Xom
Yredelemnul
Zin
The Shining One

Shops:
D:6 (

Annotations:
D:5 3 runed translucent doors, feorh's ghost, novice VSBe


Innate Abilities, Weirdness & Mutations

You cannot wear most types of armour.
You are very stealthy in the water. (Stealth+)
You are amphibious.
You can wear up to eight rings at the same time.
You can use your tentacles to constrict eight enemies at once.
Your skin changes colour to match your surroundings (Stealth+).
Your rubbery body absorbs attacks. (AC +1, EV +1)


Message History

The water moccasin poisons you! The water moccasin bites you.
* * * LOW HITPOINT WARNING * * *
You feel better.
You constrict the water moccasin, but do no damage.
The water moccasin closely misses you.
You release your grip on the water moccasin.
The orc wizard mumbles some strange words.
The orc wizard seems to speed up.
The water moccasin misses you. The water moccasin misses you.
The orc wizard mumbles some strange words.
The orc wizard blinks!
The water moccasin barely misses you.
Things that are here:
12 gold pieces; a cursed -3 hand axe The water moccasin misses you.
The porcupine bites you!
* * * LOW HITPOINT WARNING * * *
You see here 13 gold pieces.
The water moccasin bites you!
You die...
Your body glows slightly and disappears.

,,,,,,* *,,,......#∩'........#..
*,....#####........###..........#
*......#.#.......................
*....>......#....................
,.........$.##....####.......#...
,.............##.............#...
,.................##.............
,...............................#
..........)...rr@............#...
....##.#.#.....So.###.......##...
....##.#.#.#..$...##.......##*,<,
,,#..........r............## *,,,
,,##.$..##..$.........#.### *,,,
,,*#........[.........### ***,
**#...................# **
#............!..)....##
........).............#


You could see a water moccasin, a porcupine, an orc wizard (fast), a quokka and
a rat.

Vanquished Creatures
  An ice beast (D:6)
  A phantom (D:5)
  3 ogres
  A centaur (D:5)
  Blork the orc (D:5)
  4 scorpions
  A bullfrog zombie (D:5)
  2 crimson imps (D:5)
  2 hounds
  An orc priest (D:5)
  2 centaur skeletons
  Crazy Yiuf (D:4)
  3 orc wizards
  An iguana (D:2)
  2 worker ants
  A hound skeleton (D:5)
  A howler monkey zombie (D:7)
  Robin (D:2)
  A river rat (D:6)
  4 adders
  2 shadow imps
  An ooze (D:4)
  An adder skeleton (D:5)
  5 worms
  A dart slug (D:1)
  4 leopard geckos
  12 orcs
  A ball python (D:5)
  2 giant cockroaches
  14 goblins
  14 hobgoblins
  10 jackals
  2 quokkas (D:5)
  12 bats
  13 frilled lizards
  A giant cockroach zombie (D:5)
  A jackal skeleton (D:6)
  7 kobolds
  A quokka skeleton (D:5)
  4 rats
142 creatures vanquished.

Vanquished Creatures (others)
  A quokka (D:4)
1 creature vanquished.

Grand Total: 143 creatures vanquished

Notes
Turn   | Place    | Note
-------+----------+-------------------------------------------
     0 | D:1      | Destapler the Octopode Fighter began the quest for the Orb.
     0 | D:1      | Reached XP level 1. HP: 16/16 MP: 1/1
    37 | D:1      | Reached XP level 2. HP: 13/21 MP: 2/2
   228 | D:1      | Reached skill level 1 in Stealth
   585 | D:1      | Reached XP level 3. HP: 26/26 MP: 3/3
   907 | D:2      | Reached skill level 2 in Stealth
   907 | D:2      | Reached XP level 4. HP: 31/31 MP: 4/4
  1305 | D:2      | Noticed Robin
  1691 | D:2      | Found a shimmering altar of Xom.
  1910 | D:2      | Killed Robin
  2105 | D:3      | Reached XP level 5. HP: 31/36 MP: 5/5
  2683 | D:3      | Reached skill level 3 in Stealth
  3017 | D:4      | Noticed an ogre
  3040 | D:4      | Killed an ogre
  3040 | D:4      | Reached XP level 6. HP: 43/43 MP: 6/6
  3057 | D:4      | Reached skill level 4 in Stealth
  3319 | D:4      | Reached XP level 7. HP: 25/48 MP: 7/7
  3689 | D:4      | Found a runed translucent door.
  3690 | D:4      | Noticed Crazy Yiuf
  3739 | D:4      | Killed Crazy Yiuf
  4155 | D:4      | Found a staircase to the Ecumenical Temple.
  4167 | Temple   | Entered the Ecumenical Temple
  4692 | Temple   | Became a worshipper of Nemelex Xobeh the Trickster
  5065 | D:4      | Received a gift from Nemelex Xobeh
  5215 | D:5      | Entered Level 5 of the Dungeon
  5270 | D:5      | Noticed Blork the orc
  5283 | D:5      | Killed Blork the orc
  5432 | D:5      | Reached skill level 5 in Stealth
  5699 | D:5      | Reached XP level 8. HP: 25/54 MP: 8/8
  6109 | D:5      | Reached skill level 5 in Fighting
  6109 | D:5      | Reached skill level 5 in Dodging
  6224 | D:5      | Reached skill level 5 in Shields
  6317 | D:5      | Reached skill level 6 in Stealth
  6786 | D:5      | Found a runed translucent gate.
  6787 | D:5      | Found a runed translucent gate.
  6788 | D:5      | Found a runed translucent gate.
  6788 | D:5      | Noticed feorh's ghost (novice VSBe)
  6789 | D:5      | Identified the +7 short sword "Virphoir" {chaos, Str-2
                  | Int+6 Dex+5}
  6948 | D:5      | Reached * piety under Nemelex Xobeh
  7045 | D:6      | Received a gift from Nemelex Xobeh
  7080 | D:5      | HP: 2/55 [poisoned by an adder]
  7087 | D:5      | HP: 1/55 [poisoned by an adder]
  7095 | D:5      | HP: 1/55 [poisoned by an adder]
  7701 | D:6      | Found a white marble altar of Elyvilon.
  7763 | D:6      | Found Asythruca's Antique Weapon Shoppe.
  7948 | D:6      | You fall into a shaft and drop 1 floor!
  7950 | D:7      | Received a gift from Nemelex Xobeh
  7995 | D:6      | Reached skill level 5 in Polearms
  8017 | D:6      | Slain by a water moccasin

Illustrated notes

Levels and vault maps discovered:
D:1:      lightli_iron_boxes, layout_rooms
D:2:      layout_basic, lemuel_doored_altar, minmay_misc_feat_tiny,
          minmay_door_square, minmay_pentomino_o4, uniq_robin
D:3:      layout_loops_ring, first_ration, minmay_lizard_king
D:4:      layout_loops_ring, lemuel_temple_firewalk_a, uniq_crazy_yiuf_cottage
D:5:      layout_basic, gammafunk_ghost_nasty_kobolds, uniq_blork_the_orc
D:6:      layout_cave_pools, serial_shops, nicolae_shop_window_shopping,
          elyvilon_altar_5
D:7:      layout_basic, nemelex_lonely_heart_becter
Temple:   nicolae_temple_the_god_donut

Skill      XL: |  1  2  3  4  5  6  7  8 |
---------------+-------------------------+-----
Stealth        | 1 2 3 4 5 6 |  6.6
Polearms       | 3 4 5 |  5.0
Fighting       | 4 5 |  5.6
Dodging        | 4 5 |  5.5
Shields        | 4 5 |  5.5

Action                   |  1- 3 |  4- 6 |  7- 9 || total
-------------------------+-------+-------+-------++-------
Melee: Trident           |    71 |   146 |   179 ||   396
       Constrict         |    19 |    28 |    31 ||    78
       Tentacles         |    11 |    30 |    39 ||    80
Throw: Javelin           |       |       |     2 ||     2
Invok: Draw Destruction  |       |       |     5 ||     5
       Draw Escape       |       |       |     3 ||     3
  Use: Scroll            |       |       |     7 ||     7
       Potion            |       |       |     1 ||     1
 Stab: Sleeping          |    12 |    11 |     7 ||    30
  Eat: Chunk             |       |     8 |    10 ||    18
       Ration            |       |       |     1 ||     1
Armor: Skin              |     7 |     1 |     3 ||    11
Dodge: Dodged            |    26 |    60 |   112 ||   198
Block: Kite shield       |    21 |    49 |    78 ||   148
